 Dungeon Sprint DCSS version 0.28-a0-1374-ga75cb3825e (webtiles) character file.

Game seed: 2281183416107760075

12938 mhtbhm the Warrior (level 12, -4/91 HPs)
             Began as a Gargoyle Berserker on Jan 1, 2022.
             Was the Champion of Trog.
             Slain by Polyphemus (59 damage)
             ... in the Dungeon (Sprint III: "The Ten Rune Challenge").
             The game lasted 00:06:39 (3360 turns).

mhtbhm the Warrior (Gargoyle Berserker)             Turns: 3360, Time: 00:06:40

Health: -4/91      AC: 17    Str: 26    XL:     12   Next: 0%
Magic:  12/12      EV: 13    Int:  8    God:    Trog [******]
Gold:   1310       SH:  0    Dex:  9    Spells: 11/11 levels left

rFire   . . .      SeeInvis .   a - +4 quarterstaff (chaos)
rCold   . . .      Faith    .   (shield currently unavailable)
rNeg    + . .      Spirit   .   b - +0 scale mail
rPois   ∞          Reflect  .   (no helmet)
rElec   +          Harm     .   d - +0 cloak
rCorr   .          Rampage  .   (no gloves)
Will    .....      NoTele   +   (no boots)
Stlth   +++.......              (no amulet)
HPRegen 0.25/turn               (no ring)
MPRegen 0.13/turn               (no ring)

@: no status effects
A: sickness immunity, AC +8, negative energy resistance 1, electricity
resistance, torment resistance 1, petrification resistance
a: Renounce Religion, Berserk, Trog's Hand, Brothers in Arms


You were in the Dungeon.
You worshipped Trog.
Trog was exalted by your worship.
You visited 1 branch You collected 1310 gold pieces.

Inventory:

Hand Weapons
 a - a +4 quarterstaff of chaos (weapon)
 q - the +7 pair of quick blades "Gyre" and "Gimble" {protect}
   (Trog gifted it to you in the Dungeon)

   It grants its wielder temporary protection when it strikes (+7 to AC).
Missiles
 r - 5 javelins (quivered)
 s - 10 atropa-tipped darts
Armour
 b - a +0 scale mail (worn)
 d - a +0 cloak (worn)
Wands
 o - a wand of iceblast (13)
Scrolls
 g - 2 scrolls of holy word
 h - a scroll of blinking
 j - a scroll of identify
Potions
 c - 2 potions of curing
 e - a potion of haste
 f - 2 potions of magic
 i - 2 potions of ambrosia
 k - 3 potions of flight
 l - 4 potions of mutation
 m - a potion of heal wounds
 n - a potion of berserk rage
Miscellaneous
 p - a condenser vane


   Skills:
 + Level 17.4 Fighting
 + Level 11.0(15.2) Maces & Flails
 + Level 16.9(18.1) Staves
 + Level 5.6 Armour
 + Level 10.9 Dodging
 + Level 9.4 Stealth
 + Level 1.2 Evocations


You had 11 spell levels left.
You didn't know any spells.
Your spell library was empty.

Dungeon Overview and Level Annotations

Branches:
Dungeon (1/1)

Altars:
Cheibriados
Dithmenos
Elyvilon
Fedhas
Gozag
Hepliaklqana
Kikubaaqudgha
Makhleb
Nemelex Xobeh
Okawaru
Qazlal
Ru
Sif Muna
Trog
Uskayaw
Vehumet
Wu Jian
Xom
Yredelemnul
Zin
The Shining One
Beogh
Jiyva
Lugonu

Shops:
D (

Annotations:
D Polyphemus


Innate Abilities, Weirdness & Mutations

You are immune to sickness and miasma.
Your stone body is resilient. (AC +8)
You are immune to poison.
You resist negative energy. (rN+)
You are resistant to electric shocks. (rElec)
You are resistant to unholy torment.
You are immune to petrification.


Message History

There is an open door here.
You enter the shallow water.
Moving in this stuff is going to be slow.
You start resting.
HP restored.
You see here a death drake skeleton.
You open the door.
Polyphemus and 2 dream sheep come into view.
Polyphemus shouts, "Attack, my pets!
Attack!"
The dream sheep bleats!
You hear a bleat!
Polyphemus moves out of view.
The dream sheep moves out of view.
A dream sheep comes into view.
The dream sheep moves out of view.
You see here a death drake skeleton.
You start waiting.
Polyphemus is nearby!
Polyphemus barely misses you. Polyphemus hits you!
You sock Polyphemus! You freeze Polyphemus.
Polyphemus is lightly wounded.
You sock Polyphemus! You burn Polyphemus.
Polyphemus is lightly wounded.
Polyphemus hits you but does no damage. x2
You hit Polyphemus.
Polyphemus seems to grow stronger.
Polyphemus is moderately wounded.
You hear a bleat! x2
You completely miss Polyphemus.
Polyphemus is moderately wounded.
Polyphemus shouts, "You will make a great snack!"
Polyphemus hits you!! Polyphemus hits you but does no damage.
You hear a bleat!
You hit Polyphemus but do no damage.
Polyphemus is moderately wounded.
Polyphemus misses you. Polyphemus hits you but does no damage.
You hit Polyphemus.
Polyphemus is poisoned.
Polyphemus is moderately wounded.
You barely miss Polyphemus.
Polyphemus is moderately wounded.
Polyphemus hits you!!!
Ouch! That really hurt!
You die...

#..♣♣ ♣♣♣# +##
###'♣♣♣♣♣♣♣♣♣♣♣♣♣♣♣
♣♣♣♣†##..##≈≈≈≈≈≈..#
♣...##.##.#≈≈≈≈≈...#
♣♣.##†##.##'≈≈÷≈≈####+#
♣..#.##.).#≈≈......$○#
♣♣.##.##..#≈..'#######
♣♣.##.#####)..#..[...#
♣.....##.@÷...#♣♣♣÷_.#
########C###### #####
▓Y≈ ▓≈≈≈ ▓≈≈≈. ▓≈≈.YY
▓≈≈≈..≈ ▓≈≈≈≈≈≈≈


You could see Polyphemus (strong, very poisoned) and a dream sheep.

Vanquished Creatures
  Josephine (D)
  2 hydras (D)
  A centaur warrior (D)
  Urug (D)
  A deep elf knight (D)
  A spriggan druid (D)
  A death drake (D)
  A lindwurm (D)
  4 deep elf pyromancers (D)
  A deep elf zephyrmancer (D)
  2 cane toads (D)
  An unseen horror (D)
  A komodo dragon (D)
  A queen bee (D)
  2 tyrant leeches (D)
  3 wandering mushrooms (D)
  A shadow (D)
  2 spriggans (D)
  3 redbacks (D)
  A spatial vortex (D)
  3 orc warriors (D)
  A necrophage (D)
  2 centaurs (D)
  An earth elemental (D)
  A water elemental (D)
  32 killer bees (D)
  An electric eel (D)
  A jelly (D)
  An orc priest (D)
  Crazy Yiuf (D)
  A wizard (D)
  Jessica (D)
  A necromancer (D)
  3 orc wizards (D)
  3 humans (D)
  A kobold demonologist (D)
  11 orcs (D)
  2 rats (D)
98 creatures vanquished.

Notes
Turn   | Place    | Note
-------+----------+-------------------------------------------
     0 | D        | mhtbhm the Gargoyle Berserker began the quest for the Orb.
     0 | D        | Reached XP level 1. HP: 14/14 MP: 1/1
    63 | D        | Noticed Jessica
    66 | D        | Killed Jessica
    66 | D        | Reached ** piety under Trog
    67 | D        | Reached skill level 5 in Fighting
    67 | D        | Reached XP level 2. HP: 17/21 MP: 2/2
    67 | D        | Reached XP level 3. HP: 21/26 MP: 3/3
   153 | D        | Reached skill level 5 in Maces & Flails
   396 | D        | Noticed Crazy Yiuf
   405 | D        | Killed Crazy Yiuf
   406 | D        | Reached skill level 6 in Fighting
   406 | D        | Reached XP level 4. HP: 30/32 MP: 4/4
   549 | D        | Noticed a water elemental
   557 | D        | Killed a water elemental
   558 | D        | Reached skill level 7 in Fighting
   558 | D        | Reached skill level 1 in Staves
   558 | D        | Reached XP level 5. HP: 25/38 MP: 5/5
   670 | D        | Found a radiant altar of Vehumet.
   670 | D        | Found a shimmering blue altar of Sif Muna.
   670 | D        | Found an ancient bone altar of Kikubaaqudgha.
   675 | D        | Noticed a hellwing
   679 | D        | Reached *** piety under Trog
   798 | D        | Found a glowing silver altar of Zin.
   798 | D        | Found a glowing golden altar of the Shining One.
   798 | D        | Found a white marble altar of Elyvilon.
   799 | D        | Noticed a deep elf pyromancer
   803 | D        | Killed a deep elf pyromancer
   803 | D        | Reached **** piety under Trog
   804 | D        | Reached skill level 9 in Fighting
   804 | D        | Reached skill level 5 in Dodging
   804 | D        | Reached skill level 1 in Stealth
   804 | D        | Reached XP level 6. HP: 48/48 MP: 6/6
   804 | D        | Reached XP level 7. HP: 52/52 MP: 7/7
   946 | D        | Found a hide-covered altar of Uskayaw.
   946 | D        | Found an iron altar of Okawaru.
   946 | D        | Found a bloodstained altar of Trog.
   946 | D        | Found an ornate altar of the Wu Jian Council.
   946 | D        | Noticed a human
   947 | D        | Noticed a human
   953 | D        | Killed a human
   954 | D        | Reached skill level 10 in Fighting
   954 | D        | Reached skill level 10 in Maces & Flails
   956 | D        | Killed a human
   957 | D        | Reached XP level 8. HP: 59/59 MP: 8/8
   997 | D        | Found a basalt altar of Yredelemnul.
   997 | D        | Found a shadowy altar of Dithmenos.
   997 | D        | Found a sacrificial altar of Ru.
  1054 | D        | Noticed a shadow
  1060 | D        | Killed a shadow
  1060 | D        | Reached ***** piety under Trog
  1061 | D        | Reached skill level 11 in Fighting
  1106 | D        | Found a blossoming altar of Fedhas.
  1106 | D        | Found a stormy altar of Qazlal.
  1106 | D        | Found a snail-covered altar of Cheibriados.
  1106 | D        | Found a burning altar of Makhleb.
  1106 | D        | Found a shimmering altar of Xom.
  1107 | D        | Found a hazy altar of Hepliaklqana.
  1107 | D        | Found an opulent altar of Gozag.
  1107 | D        | Found a sparkling altar of Nemelex Xobeh.
  1107 | D        | Found a corrupted altar of Lugonu.
  1107 | D        | Found a viscous altar of Jiyva.
  1186 | D        | Noticed Josephine
  1195 | D        | Killed Josephine
  1195 | D        | Received a gift from Trog
  1196 | D        | Reached skill level 10 in Staves
  1196 | D        | Reached XP level 9. HP: 65/65 MP: 9/9
  1483 | D        | Noticed a centaur warrior
  1494 | D        | Killed a centaur warrior
  1495 | D        | Reached skill level 12 in Fighting
  1573 | D        | Killed an unseen horror
  1616 | D        | Noticed a wandering mushroom
  1620 | D        | Noticed a wandering mushroom
  1622 | D        | Noticed a wandering mushroom
  1632 | D        | Killed a wandering mushroom
  1736 | D        | Killed a wandering mushroom
  1737 | D        | Reached skill level 5 in Stealth
  1737 | D        | Reached XP level 10. HP: 61/72 MP: 10/10
  1747 | D        | Reached skill level 13 in Fighting
  1850 | D        | Received a gift from Trog
  1864 | D        | Reached ****** piety under Trog
  1887 | D        | Identified the +7 halberd of Vexiot {vorpal, *Corrode rPois
                  | rN+ Stlth+} (Trog gifted it to you in the Dungeon)
  1887 | D        | Received a gift from Trog
  1901 | D        | Received a gift from Trog
  1906 | D        | Reached skill level 14 in Fighting
  2083 | D        | Found Osheraol's Weapon Boutique.
  2099 | D        | Received a gift from Trog
  2112 | D        | Received a gift from Trog
  2262 | D        | Noticed a deep elf zephyrmancer
  2262 | D        | Noticed a deep elf knight
  2262 | D        | Noticed a deep elf pyromancer
  2262 | D        | Noticed a deep elf pyromancer
  2262 | D        | Noticed a deep elf pyromancer
  2278 | D        | Killed a deep elf knight
  2279 | D        | Reached skill level 15 in Staves
  2281 | D        | Killed a deep elf pyromancer
  2282 | D        | Reached XP level 11. HP: 80/80 MP: 11/11
  2284 | D        | Killed a deep elf zephyrmancer
  2284 | D        | Received a gift from Trog
  2285 | D        | Reached skill level 15 in Fighting
  2289 | D        | Killed a deep elf pyromancer
  2290 | D        | Killed a deep elf pyromancer
  2292 | D        | Noticed a deep elf annihilator
  2407 | D        | Reached skill level 10 in Dodging
  2484 | D        | Received a gift from Trog
  2484 | D        | Found the +7 pair of quick blades "Gyre" and "Gimble"
                  | {protect}
  2485 | D        | Reached skill level 16 in Fighting
  2509 | D        | Noticed a lindwurm
  2517 | D        | Killed a lindwurm
  2672 | D        | Noticed Urug
  2677 | D        | Killed Urug
  2678 | D        | Reached skill level 1 in Evocations
  2736 | D        | Noticed a four-headed hydra
  2736 | D        | Noticed a seven-headed hydra
  2750 | D        | Killed a four-headed hydra
  3017 | D        | Killed a seven-headed hydra
  3018 | D        | Reached skill level 17 in Fighting
  3020 | D        | Noticed a death drake
  3039 | D        | Killed a death drake
  3039 | D        | Received a gift from Trog
  3040 | D        | Reached skill level 5 in Armour
  3116 | D        | Found a blossoming altar of Fedhas.
  3116 | D        | Noticed a spriggan druid
  3122 | D        | Killed a spriggan druid
  3134 | D        | Reached XP level 12. HP: 55/91 MP: 12/12
  3345 | D        | Noticed Polyphemus
  3360 | D        | Slain by Polyphemus

Illustrated notes

Levels and vault maps discovered:
D:        dungeon_sprint_mu [sprint_mu_entry_forest, sprint_mu_temple_rooms,
          sprint_mu_d1_horrors, sprint_mu_d2_genie, sprint_mu_d3_branching,
          sprint_mu_orc_legion, sprint_mu_elf_gauntlet, sprint_mu_hive_nellie,
          sprint_mu_lair_fedhas, sprint_mu_vaults_butterflies,
          sprint_mu_slime_circle, sprint_mu_shoals_archi,
          sprint_mu_snake_twists, sprint_mu_blade_basic,
          sprint_mu_crypt_chambers, sprint_mu_tomb_spiral,
          sprint_mu_vestibule_basic, sprint_mu_gehenna_hellfire,
          sprint_mu_dis_giant, sprint_mu_tartarus_statrot,
          sprint_mu_cocytus_islands, sprint_mu_zot1]

Skill      XL: |  1  2  3  4  5  6  7  8  9 10 11 |
---------------+----------------------------------+-----
Fighting       | 5 6 7 9 10 11 12 14 17 | 17.4
Maces & Flails | 4 6 7 9 10 11 | 11.0
Dodging        | 2 3 5 6 7 9 10 | 10.9
Armour         | 3 4 5 |  5.6
Staves         | 1 6 7 10 13 15 16 | 16.9
Stealth        | 1 3 5 7 9 |  9.4
Evocations     | 1 |  1.2

Action                   |  1- 3 |  4- 6 |  7- 9 | 10-12 || total
-------------------------+-------+-------+-------+-------++-------
Melee: Mace              |    22 |       |       |       ||    22
       Quarterstaff      |       |    15 |    81 |   194 ||   290
Invok: Berserk           |       |     2 |     5 |     7 ||    14
Evoke: Condenser vane    |       |       |       |     2 ||     2
  Use: Potion            |     2 |       |       |       ||     2
       Scroll            |       |       |       |     2 ||     2
 Stab: Confused          |       |       |     1 |     2 ||     3
       Sleeping          |       |       |       |     3 ||     3
Armor: Animal skin       |     2 |     1 |    24 |    22 ||    49
       Scale mail        |       |       |       |    22 ||    22
Dodge: Dodged            |    15 |     7 |    29 |   107 ||   158

Table legend: (Time is in decaauts)
 A = Elapsed time spent in this place.
 B = Non-inter-level travel time spent in this place.
 C = Inter-level travel time spent in this place.
 D = Time resting spent in this place.
 E = Time spent auto-exploring this place.
 F = Levels seen in this place.
 G = Mean time per level.
                   A        B        C        D        E       F      G
               +--------+--------+--------+--------+--------+-----+--------+
         Total |   3409 |   3409 |      0 |   2510 |      1 |   1 | 3409.0 |
       Dungeon |   3409 |   3409 |      0 |   2510 |      1 |   1 | 3409.0 |
               +--------+--------+--------+--------+--------+-----+--------+

Top non-repeatable levels by time:
       D: 3409 daAuts
